 Dungeon Crawl Stone Soup version 0.27.1-3-gb3d3a73c9e (webtiles) character file.

Game seed: 4676436716363344805

25 nxtlvl the Chopper (level 3, 0/33 HPs)
             Began as a Naga Gladiator on Oct 21, 2021.
             Succumbed to an adder's poison
             ... on level 2 of the Dungeon.
             The game lasted 00:03:51 (414 turns).

nxtlvl the Chopper (Naga Gladiator)                  Turns: 414, Time: 00:03:52

Health: 0/33       AC:  5    Str: 16    XL:     3   Next: 4%
Magic:  3/3        EV:  8    Int:  8    God:
Gold:   13         SH:  0    Dex: 13    Spells: 2/2 levels left

rFire    . . .     SeeInvis +   a - +0 war axe
rCold    . . .     Faith    .   (no shield)
rNeg     . . .     Spirit   .   c - +0 scale mail
rPois    +         Reflect  .   d - +0 helmet
rElec    .         Harm     .   (no cloak)
rCorr    .         Rampage  .   (no gloves)
Will     .....                  (no barding)
Stlth    ..........             (no amulet)
HPRegen  0.11/turn              (no ring)
MPRegen  0.08/turn              (no ring)

@: lethally poisoned (0 -> -12), very slow
A: AC +1, large, see invisible, deformed body, poison resistance, slowness 2,
spit poison 1, naga tail 1
a: Spit Poison


You were on level 2 of the Dungeon.
You visited 1 branch of the dungeon, and saw 2 of its levels.

You collected 13 gold pieces.

Inventory:

Hand Weapons
 a - a +0 war axe (weapon)
Missiles
 e - 3 throwing nets
 h - 27 poisoned darts (quivered)
Armour
 c - a +0 scale mail (worn)
 d - a +0 helmet (worn)
Scrolls
 b - a scroll of identify {unknown}
 f - a scroll of fear {unknown}
 g - a scroll of noise {unknown}


   Skills:
 + Level 2.5 Fighting
 * Level 3.8 Axes
 - Level 1.7 Throwing
 - Level 2.4 Dodging


You had 2 spell levels left.
You didn't know any spells.
Your spell library was empty.

Dungeon Overview and Level Annotations

Branches:
Dungeon (2/15)

Altars:

Shops:
D:1 [


Innate Abilities, Weirdness & Mutations

Your serpentine skin is tough. (AC +1)
You have supernaturally acute eyesight. (SInv)
Armour fits poorly on your strangely shaped body.
Your system is resistant to poisons. (rPois)
You cover ground very slowly.
You can spit poison.
You have a snake-like lower body.


Message History

An adder comes into view.
The adder moves out of view.
The adder closely misses you.
You miss the adder. The adder barely misses you.
The adder bites you but does no damage.
Press: ? - help, Shift-Dir - straight line, f - adder
Aim: an adder The splash of poison misses the adder.
The adder barely misses you.
You hit the adder but do no damage. The adder barely misses you.
The adder bites you but does no damage.
You completely miss the adder. The adder barely misses you.
You closely miss the adder.
You have got your breath back.
The adder bites you. The adder bites you but does no damage.
You closely miss the adder. The adder completely misses you.
The adder bites you.
You closely miss the adder. The adder bites you but does no damage.
You miss the adder. The adder bites you. x2
You hit the adder but do no damage. The adder barely misses you.
The adder bites you but does no damage.
You closely miss the adder. The adder bites you.
* * * LOW HITPOINT WARNING * * *
You hit the adder.
The adder is heavily wounded.
The adder bites you.
* * * LOW HITPOINT WARNING * * *
You are lethally poisoned!
The adder poisons you! The adder bites you but does no damage.
You miss the adder.
The adder is heavily wounded.
* * * LOW HITPOINT WARNING * * *
You feel very sick. The adder bites you.
* * * LOW HITPOINT WARNING * * *
You are more poisoned.
The adder poisons you! The adder bites you but does no damage.
You aren't carrying any potions.
You slash the adder!
You kill the adder!
You die...

#.# #.# #.##
#.. #..# #..
#..## #...
#...# #....
#.#.# #....
#.#.###.#
#......>+
###@.##.#
#.........#
#.........#
#............
...........###
.....####+#.#
..... .# .....
#


There were no monsters in sight!

Vanquished Creatures
  2 adders (D:2)
  A dart slug (D:1)
  An endoplasm (D:1)
  2 goblins
  A hobgoblin (D:2)
  2 ball pythons
  2 bats
  A frilled lizard (D:2)
  4 rats
16 creatures vanquished.

Notes
Turn   | Place    | Note
-------+----------+-------------------------------------------
     0 | D:1      | nxtlvl the Naga Gladiator began the quest for the Orb.
     0 | D:1      | Reached XP level 1. HP: 19/19 MP: 1/1
    96 | D:1      | Found Zogelo's Armour Shop.
   109 | D:1      | Reached XP level 2. HP: 21/26 MP: 2/2
   364 | D:2      | Reached XP level 3. HP: 15/33 MP: 3/3
   414 | D:2      | Succumbed to an adder's poison

Illustrated notes

Levels and vault maps discovered:
D:1:      erik_arrival_triangle_large, layout_loops_cross, serial_shops,
          nicolae_shop_waterfront, minmay_tree_intersection
D:2:      layout_basic, minmay_tromino_i4

Action                   || total
-------------------------++-------
Melee: War axe           ||    55
 Abil: Spit Poison       ||     8
Armor: Scale mail        ||    33
       Leather armour    ||     1
Dodge: Dodged            ||    25
